 Dungeon Crawl Stone Soup version 0.21-a0-223-g812f45e (webtiles) character file.

16 tehllama the Insei (level 2, -1/18 HPs)
             Began as an Octopode Transmuter on Aug 27, 2017.
             Slain by a gnoll
             ... wielding a +0 spear
              (2 damage)
             ... on level 2 of the Dungeon.
             The game lasted 00:01:45 (873 turns).

tehllama the Insei (Octopode Transmuter)             Turns: 873, Time: 00:01:46

Health: -1/18      AC:  1    Str:  9    XL:     2   Next: 54%
Magic:  4/5        EV: 13    Int: 15    God:
Gold:   57         SH:  0    Dex: 12    Spells: 4/5 levels left

rFire    . . .     SeeInvis .     - Unarmed
rCold    . . .     Gourm    .   (no shield)
rNeg     . . .     Faith    .   (helmet restricted)
rPois    .         Spirit   .   (no amulet)
rElec    .         Reflect  .   (no ring)
rCorr    .         Harm     .   (no ring)
MR       .....                  (no ring)
Stlth    ++........             (no ring)
HPRegen  0.06/turn              (no ring)
MPRegen  0.09/turn              (no ring)
                                (no ring)
                                (no ring)

@: appendage
A: almost no armour, stealthy swim, amphibious, 8 rings, constrict 8, tentacle
spike 3, camouflage 1, gelatinous body 1
a: End Transformation


You were on level 2 of the Dungeon.
You were not hungry.
One of your tentacles had a temporary spike.
You visited 1 branch of the dungeon, and saw 2 of its levels.

You collected 57 gold pieces.

Inventory:

Missiles
 a - 12 arrows
Jewellery
 m - an uncursed ring of protection from fire {unknown}
Scrolls
 e - 2 scrolls of amnesia {unknown}
 f - a scroll of blinking {unknown}
 g - a scroll of remove curse {unknown}
 h - 2 scrolls of identify {unknown}
 i - a scroll of fog {unknown}
Potions
 d - a potion of haste {unknown}
 j - 2 potions of brilliance {unknown}
Books
 b - a book of Changes

   Spells                             Type                      Level
   a - Beastly Appendage              Transmutation                1
   b - Sticks to Snakes               Transmutation                2
   c - Spider Form                    Transmutation/Poison         3
   d - Ice Form                       Ice/Transmutation            4
   e - Blade Hands                    Transmutation                5
Comestibles
 c - a bread ration
 k - 2 meat rations


   Skills:
 - Level 1.0 Fighting
 - Level 2.0 Dodging
 + Level 3.8 Unarmed Combat
 - Level 2.0 Spellcasting
 - Level 2.0 Transmutations


You had 4 spell levels left.
You knew the following spells:

 Your Spells              Type           Power        Failure   Level  Hunger
a - Beastly Appendage     Tmut           #.....       10%         1    #......


Dungeon Overview and Level Annotations

Branches:
Dungeon (2/15)

Altars:
Yredelemnul


Innate Abilities, Weirdness & Mutations

You cannot wear most types of armour.
You are very stealthy in the water. (Stealth+)
You are amphibious.
You can wear up to eight rings at the same time.
You can use your tentacles to constrict eight enemies at once.
Your skin changes colour to match your surroundings (Stealth+).
Your rubbery body absorbs attacks. (AC +1, EV +1)
One of your tentacles bears a large vicious spike.


Message History

You see here a hand axe.
Found a stone staircase leading down.
There is a stone staircase leading down here.
The gnoll barely misses you. The gnoll completely misses you.
Found a basalt altar of Yredelemnul.
Casting: Beastly Appendage
Confirm with . or Enter, or press ? or * to list all spells.
One of your tentacles grows a vicious spike.
The gnoll hits you with a club.
The gnoll hits you from afar with a spear.
You tentacle-slap the gnoll but do no damage.
Your grab misses the gnoll. The gnoll hits you with a club!
Ouch! That really hurt!
* * * LOW HITPOINT WARNING * * *
The gnoll hits you from afar with a spear.
* * * LOW HITPOINT WARNING * * *
You closely miss the gnoll. You grab the gnoll. You constrict the gnoll.
The gnoll barely misses you.
The gnoll hits you from afar with a spear.
You die...

#.......##
#.........
#........#
#........#
#........# #
#........##.#.#
#............_.
#......@##.#
#......g...#
#######g####
#g..# ###.# #g#
#># ##### #g####
#...#
#....####.#.####


You could see 3 gnolls.

Vanquished Creatures
  3 giant cockroaches (D:1)
  3 hobgoblins (D:1)
  2 kobolds (D:1)
  2 bats (D:1)
  5 rats (D:1)
15 creatures vanquished.

Notes
Turn   | Place    | Note
-------+----------+-------------------------------------------
     0 | D:1      | tehllama the Octopode Transmuter began the quest for the Orb.
     0 | D:1      | Reached XP level 1. HP: 13/13 MP: 3/3
   113 | D:1      | Reached XP level 2. HP: 14/18 MP: 5/5
   870 | D:2      | Found a basalt altar of Yredelemnul.
   873 | D:2      | Slain by a gnoll

Vault maps used:
D:1:      dpeg_chamrin_arrival_tetris, minivault_24
D:2:      lemuel_crystal_altar, due_unseen_surprise

Action                   || total
-------------------------++-------
Melee: Unarmed           ||    31
       Constrict         ||     8
       Tentacles         ||     6
       Punch             ||     2
 Cast: Beastly Appendage ||     1
 Stab: Sleeping          ||     3
Armor: Skin              ||     3
Dodge: Dodged            ||    19

Table legend:
 A = Spawn XP
 B = Non-spawn XP
 C = Spawn XP percentage of total XP
 D = Spawn monster count
 E = Non-spawn monster count
 F = Spawn count percentage of total count
 G = Total turns spent on level
                    A         B        C        D         E        F      G
               +---------+---------+-------+---------+---------+-------+---------
         Total |       3 |      20 |  13.0 |       2 |      13 |  13.3 |   873
               +---------+---------+-------+---------+---------+-------+---------
           D:1 |       3 |      20 |  13.0 |       2 |      13 |  13.3 |   749
               +---------+---------+-------+---------+---------+-------+---------
